 Dungeon Crawl Stone Soup version 0.30.1-9-gdf580d7c3d (webtiles) character file.

Game seed: 15918338007547339938

784 lonewolfV2 the Trooper (level 7, -3/57 HPs)
             Began as a Demonspawn Fighter on Oct 23, 2023.
             Slain by an orc warrior
             ... wielding a +0 glaive
              (12 damage)
             ... on level 6 of the Dungeon.
             The game lasted 00:09:26 (4115 turns).

lonewolfV2 the Trooper (Demonspawn Fighter)         Turns: 4115, Time: 00:09:26

Health: -3/57      AC: 11    Str: 19    XL:     7   Next: 55%
Magic:  0/7        EV:  7    Int:  9    God:
Gold:   184        SH:  0    Dex: 12    Spells: 6/6 levels left

rFire   + . .        a - +0 war axe (drain)
rCold   . . .        c - +0 buckler
rNeg    . . .        k - +1 chain mail
rPois   .            (helmet restricted)
rElec   .            (no cloak)
rCorr   .            (no gloves)
SInv    .            j - +0 pair of boots
Will    .....        (no amulet) Stlth
                     h - ring of protection from fire
HPRegen 0.29/turn    (no ring)
MPRegen 0.20/turn

%: guardian spirit
@: confused, mighty, ambrosia-drunk, studying Shields
A: horns 1, ignite blood 1, magic shield, magic regeneration
a: no special abilities


You were on level 6 of the Dungeon.
You visited 1 branch of the dungeon, and saw 6 of its levels.

You collected 184 gold pieces.

Inventory:

Hand Weapons
 a - a +0 war axe of draining (weapon)
Armour
 c - a +0 buckler (worn)
 j - a +0 pair of boots (worn)
 k - a +1 chain mail (worn)
Jewellery
 h - a ring of protection from fire (left hand)
Wands
 t - a wand of polymorph (7)
Scrolls
 e - 2 scrolls of blinking
 q - 3 scrolls of enchant armour
 v - a scroll of fog
Potions
 b - a potion of invisibility
 f - a potion of ambrosia
 g - 2 potions of flight
 i - 2 potions of resistance
 m - a potion of brilliance
 n - a potion of degeneration
 o - a potion of mutation {unknown}
 p - a potion of attraction {unknown}
 r - a potion of curing {unknown}
 s - 2 potions of cancellation


   Skills:
 + Level 5.7 Fighting
 + Level 5.5 Axes
 - Level 2.6 Armour
 + Level 5.6 Shields


You had 6 spell levels left.
You didn't know any spells.
Your spell library contained the following spells:

 Spells                   Type           Power      Damage    Failure   Level
 Apportation              Tloc           0%         N/A       99%         1
 Freeze                   Ice            0%         1d3       99%         1
 Necrotise                Necr           0%         1d4       99%         1
 Summon Small Mammal      Summ           0%         N/A       99%         1
 Call Canine Familiar     Summ           0%         N/A       100%        3
 Frozen Ramparts          Ice            0%         1d1       100%        3
 Hailstorm                Conj/Ice       0%         3d3       100%        3
 Summon Guardian Golem    Hex/Summ       0%         N/A       100%        3


Dungeon Overview and Level Annotations

Branches:
Dungeon (6/15)
 Temple: D:4-7

Altars:
Uskayaw

Shops:
D:3 (   D:5 !

Annotations:
D:5 3 runed translucent doors, lonewolfV2's ghost, novice FoFi


Innate Abilities, Weirdness & Mutations

You have a pair of small horns on your head.
Your demonic aura sometimes causes spilled blood to erupt in flames.
When hurt, damage is shared between your health and your magic reserves.
You regenerate magic rapidly.


Message History

You hit the orc warrior but do no damage.
You headbutt the orc warrior, but do no damage.
The orc warrior is lightly wounded.
You barely miss the orc wizard. The orc wizard completely misses you.
The orc priest mumbles some strange prayers to Beogh against you.
Beogh smites you!
* * * LOW HITPOINT WARNING * * *
You block the orc warrior's attack.
You closely miss the orc warrior.
The orc warrior is lightly wounded.
You closely miss the orc wizard.
The orc warrior hits you with a +0 glaive.
* * * LOW HITPOINT WARNING * * *
The orc wizard hits you but does no damage.
You hit the orc warrior but do no damage.
The orc warrior is lightly wounded.
You miss the orc wizard.
The orc warrior hits you with a +0 glaive.
* * * LOW HITPOINT WARNING * * *
The orc wizard hits you but does no damage.
You are confused.
You feel invigorated.
The orc warrior hits you with a +0 glaive!
* * * LOW HITPOINT WARNING * * *
The orc wizard hits you but does no damage.
You feel very mighty all of a sudden. The orc warrior completely misses you.
The orc wizard hits you but does no damage.
The orc priest calls upon Beogh to heal the orc warrior.
The orc warrior's wounds heal themselves!
The orc warrior attacks as you move away!
The orc warrior hits you with a +0 glaive!
* * * LOW HITPOINT WARNING * * *
Found a mace.
The orc wizard casts a spell at you. The magic dart hits you.
* * * LOW HITPOINT WARNING * * *
A jelly comes into view.
The orc warrior hits you from afar with a +0 glaive!
You die...

.. ..J ...####### #### ##
)........## ### .....
.............# #.###.....
oo...........# #.#.......
.........o..(# #.#.#.....
#?..####@.######.#.#...<.
#...ooo☼o.##.#........#
#(.....{###....#.#.#.##.#
#.#...#.#
#####>.#.#.##.### #...#.#
#...........< #.. ..#
##.#.##.#.### #.. ..#
....##.#.# .. ....
##........# ... ....
##.#######


You could see an orc warrior, a jelly (wandering), an orc priest, 2 orc wizards
and an orc.

Vanquished Creatures
  Eustachio (D:4)
  An ogre (D:5)
  3 scorpions
  3 hounds
  An orc priest (D:6)
  A sleepcap (D:5)
  An iguana (D:5)
  2 orc wizards (D:3)
  7 adders
  A worm (D:2)
  A dart slug (D:2)
  5 orcs
  4 bats
  8 endoplasms
  2 giant cockroaches
  6 goblins
  9 hobgoblins
  7 kobolds
  7 quokkas
  8 ball pythons
  15 frilled lizards
  6 rats
99 creatures vanquished.

Notes
Turn   | Place    | Note
-------+----------+-------------------------------------------
     0 | D:1      | lonewolfV2 the Demonspawn Fighter began the quest for the
                  | Orb.
     0 | D:1      | Reached XP level 1. HP: 18/18 MP: 1/1
   346 | D:1      | Gained mutation: You have a pair of small horns on your
                  | head. [demonic ancestry]
   346 | D:1      | Reached XP level 2. HP: 23/24 MP: 2/2
   547 | D:2      | Gained mutation: You regenerate magic rapidly. [demonic
                  | ancestry]
   547 | D:2      | Reached XP level 3. HP: 28/29 MP: 3/3
   741 | D:2      | Gained mutation: When hurt, damage is shared between your
                  | health and your magic reserves. [demonic ancestry]
   741 | D:2      | Reached XP level 4. HP: 36/37 MP: 4/4
  1613 | D:3      | Reached XP level 5. HP: 29/42 MP: 3/5
  1613 | D:3      | Found Wounke's Weapon Shoppe.
  1845 | D:3      | Identified a scroll of acquirement
  1845 | D:3      | Acquired a manual of Shields
  2702 | D:4      | Reached XP level 6. HP: 47/49 MP: 4/6
  2738 | D:4      | Noticed Eustachio
  2754 | D:4      | Killed Eustachio
  2878 | D:4      | Identified the +2 mace "Jabucs" {elec, rF+ Dex+4}
  2986 | D:5      | Entered Level 5 of the Dungeon
  2992 | D:5      | Reached skill level 5 in Fighting
  3016 | D:5      | Reached skill level 5 in Axes
  3016 | D:5      | Gained mutation: Your demonic aura sometimes causes spilled
                  | blood to erupt in flames. [demonic ancestry]
  3016 | D:5      | Reached XP level 7. HP: 56/56 MP: 7/7
  3073 | D:5      | Found Aditerph's Distillery.
  3285 | D:5      | Reached skill level 5 in Shields
  3688 | D:5      | Found a hide-covered altar of Uskayaw.
  3885 | D:5      | Found a runed translucent gate.
  3886 | D:5      | Found a runed translucent gate.
  3887 | D:5      | Found a runed translucent gate.
  3889 | D:5      | Noticed lonewolfV2's ghost (novice FoFi)
  4115 | D:6      | Slain by an orc warrior

Illustrated notes

Levels and vault maps discovered:
D:1:      scummos_arrival_gate, layout_basic, minmay_misc_feat_secret_circle,
          minmay_lizard_king
D:2:      layout_basic, minmay_heptomino_d4
D:3:      layout_rooms, serial_shops, nicolae_shop_advertising_works
          [nicolae_subvault_shop_adworks]
D:4:      layout_basic, uniq_eustachio
D:5:      layout_loops_corners, mainiacjoe_overflow_24_doors,
          gammafunk_ghost_nasty_kobolds, serial_shops, shop
D:6:      layout_loops_cross, minmay_overflow_temple_star_quad,
          mainiacjoe_overflow_large_starburst, minmay_temple_entry_hall,
          gammafunk_ghost_gnarly_gnolls

Skill      XL: |  1  2  3  4  5  6  7 |
---------------+----------------------+-----
Axes           | 2 3 4 5 |  5.5
Fighting       | 4 5 |  5.7
Shields        | 3 4 5 |  5.6
Armour         | |  2.6

Action                     |  1- 3 |  4- 6 |  7- 9 || total
---------------------------+-------+-------+-------++-------
  Melee: War axe           |    71 |   129 |    40 ||   240
         Headbutt          |     2 |    19 |     8 ||    29
    Use: Scroll            |     5 |     9 |     4 ||    18
         Potion            |       |       |     3 ||     3
 Armour: Chain mail        |    69 |    75 |    23 ||   167
         Scale mail        |     3 |       |       ||     3
  Dodge: Dodged            |    31 |    52 |    18 ||   101
  Block: Buckler           |    25 |    32 |    17 ||    74
